 Dungeon Crawl Stone Soup version 0.19-a0-867-g949743d (webtiles) character file.

85 matakusis the Ducker (level 4, -11/34 HPs)
             Began as a Demonspawn Gladiator on July 3, 2016.
             Mangled by an iguana (13 damage)
             ... on level 4 of the Dungeon.
             The game lasted 00:06:48 (1946 turns).

matakusis the Ducker (Demonspawn Gladiator)         Turns: 1946, Time: 00:06:49

Health: -11/34     AC: 11    Str: 15    XL:     4   Next: 25%
Magic:  4/4        EV: 13    Int:  9    God:
Gold:   103        SH:  0    Dex: 15    Spells: 0 memorised, 3 levels left

rFire  . . .     SeeInvis .     a - +0 long sword
rCold  . . .     Gourm    .     g - +1 leather armour
rNeg   . . .     Faith    .     (no shield)
rPois  .         Spirit   .     c - +0 helmet
rElec  .         Dismiss  .     (no cloak)
rCorr  .         Reflect  .     (no gloves)
SustAt .         Harm     .     (no boots)
MR     .....                    (no amulet)
Stlth  +.........               (no ring)
                                (no ring)

@: sanguine armour, not resistant to hostile enchantments, very unstealthy
A: claws 1, sanguine armour 1
a: no special abilities


You were on level 4 of the Dungeon.
You were hungry.

You visited 1 branch of the dungeon, and saw 4 of its levels.

You collected 103 gold pieces.

Inventory:

Hand Weapons
 a - a +0 long sword (weapon)
Missiles
 d - 3 throwing nets (quivered)
Armour
 c - a +0 helmet (worn)
 g - a +1 leather armour (worn)
Scrolls
 b - 2 scrolls of blinking
 h - 2 scrolls of amnesia
 j - a scroll of immolation
 k - 3 scrolls of identify
Potions
 l - a potion of agility
Comestibles
 f - a bread ration
 i - 6 chunks of flesh
 m - 2 meat rations
 n - a beef jerky


   Skills:
 * Level 2.8 Fighting
 + Level 3.2 Long Blades
 + Level 1.8 Throwing
 + Level 0.1 Armour
 * Level 3.7 Dodging


You had 3 spell levels left.
You didn't know any spells.

Dungeon Overview and Level Annotations

Branches:
Dungeon (4/15)
 Temple: D:4-7

Altars:
Yredelemnul


Innate Abilities, Weirdness & Mutations

You have sharp fingernails.
When seriously injured, your bleeding wounds create armour. (AC +6)


Message History

Unknown command.
You hit the iguana.
The iguana is severely wounded.
The iguana bites you.
You are feeling hungry.
You barely miss the iguana.
The iguana is severely wounded.
The iguana bites you but does no damage.
Unknown command.
You hit the iguana but do no damage.
The iguana is severely wounded.
The iguana bites you!
* * * LOW HITPOINT WARNING * * *
The iguana closely misses you.
You riposte.
You hit the iguana.
The iguana is almost dead.
You closely miss the iguana.
The iguana is almost dead.
The iguana hisses menacingly.
The iguana bites you!
You die...

##........ #.........
#......... #.........
##..!......
##.<........ .
###†.#........
.)..####.............
.......@l###.........
....##.### #.........
. #. #......... ##
#..$...... #.........
..........


You could see an iguana.

Vanquished Creatures
  Ijyb (D:3)
  A worm (D:2)
  A dart slug (D:1)
  2 giant geckos
  4 orcs (D:3)
  A ball python (D:1)
  6 giant cockroaches
  7 goblins
  3 hobgoblins
  2 jackals (D:2)
  3 kobolds
  2 quokkas (D:2)
  6 bats
  A giant newt (D:1)
  8 rats
48 creatures vanquished.

Notes
Turn   | Place    | Note
-------+----------+-------------------------------------------
     0 | D:1      | matakusis the Demonspawn Gladiator began the quest for the Orb.
     0 | D:1      | Reached XP level 1. HP: 16/16 MP: 1/1
   258 | D:1      | Gained mutation: When seriously injured, your bleeding wounds create armour. (AC +6) [demonic ancestry]
   258 | D:1      | Reached XP level 2. HP: 5/22 MP: 2/2
  1229 | D:2      | Reached XP level 3. HP: 13/28 MP: 3/3
  1416 | D:2      | Found a basalt altar of Yredelemnul.
  1815 | D:3      | Noticed Ijyb
  1826 | D:3      | Killed Ijyb
  1826 | D:3      | Gained mutation: You have sharp fingernails. [demonic ancestry]
  1826 | D:3      | Reached XP level 4. HP: 33/34 MP: 4/4
  1934 | D:4      | HP: 1/34 [iguana (4)]
  1946 | D:4      | Mangled by an iguana

Vault maps used:
D:1:      shiori_arrival_whats_in_store_for_you, hangedman_glass_teeth
D:2:      overflow_temple_1_default, minmay_misc_feat_rugged
D:3:      nicolae_overflow_hidden_temple, first_bread, uniq_iyjb
D:4:      serial_shops, shop, nicolae_elemental_shop

Skill      XL: |  1  2 |
---------------+-------+-----
Dodging        | 3 |  3.7
Long Blades    | 3 |  3.2
Fighting       | |  2.8
Throwing       | |  1.8
Armour         | |  0.1

Action                   |  1- 3 |  4- 6 || total
-------------------------+-------+-------++-------
Melee: Long sword        |   129 |    36 ||   165
  Use: Scroll            |     9 |       ||     9
       Potion            |     1 |     1 ||     2
 Stab: Sleeping          |     1 |       ||     1
  Eat: Chunk             |     3 |       ||     3
Armor: Leather armour    |    33 |    10 ||    43
Dodge: Dodged            |    72 |    15 ||    87
